 Dungeon Crawl Stone Soup version 0.29.0-4-gdea44cf6ec (webtiles) character file.

Game seed: 12909219087720908333

102 qw the Chopper (level 4, -2/39 HPs)
             Began as a Minotaur Berserker on Sept 10, 2022.
             Was a Believer of Trog.
             Slain by a gnoll
             ... wielding a +0 halberd
              (8 damage)
             ... on level 2 of the Dungeon.
             The game lasted 00:00:24 (1502 turns).

qw the Chopper (Minotaur Berserker)                 Turns: 1502, Time: 00:00:24

Health: -2/39      AC:  5    Str: 23    XL:     4   Next: 49%
Magic:  3/3        EV: 11    Int:  4    God:    Trog [**....]
Gold:   12         SH:  0    Dex: 10    Spells: 3/3 levels left

rFire   . . .      SeeInvis .   Y - +0 hand axe
rCold   . . .      Faith    .   (no shield)
rNeg    . . .      Spirit   .   h - +0 ring mail
rPois   .          Reflect  .   (helmet restricted)
rElec   .          Harm     .   (no cloak)
rCorr   .          Rampage  .   (no gloves)
Will    .....                   (no boots)
Stlth   ..........              (no amulet)
HPRegen 0.13/turn               (no ring)
MPRegen 0.08/turn               (no ring)

@: on berserk cooldown, slowed, very slow
A: horns 2, retaliatory headbutt
a: Renounce Religion, Berserk, Trog's Hand


You were on level 2 of the Dungeon.
You worshipped Trog.
Trog was pleased with you.
You visited 1 branch of the dungeon, and saw 2 of its levels.

You collected 47 gold pieces.
You spent 35 gold pieces at shops.


Innate Abilities, Weirdness & Mutations

You have a pair of horns on your head.
You reflexively headbutt those who attack you in melee.


   Skills:
 - Level 3.6 Fighting
 + Level 6.4 Axes
 - Level 2.4 Armour
 - Level 2.1 Dodging


You had 3 spell levels left.
You didn't know any spells.
Your spell library was empty.

Inventory:

Hand Weapons
 g - a +1 whip of venom
 Y - a +0 hand axe (weapon)
Armour
 h - a +0 ring mail (worn)
 j - a +0 pair of gloves
 k - a +0 chain mail
Jewellery
 i - an amulet of guardian spirit
Scrolls
 b - a scroll of vulnerability {unknown}
 d - a scroll of identify
 l - a scroll of immolation {unknown}
Potions
 a - a potion of brilliance {unknown}
 c - a potion of heal wounds {unknown}
 e - a potion of flight {unknown}
 f - a potion of might {unknown}

Dungeon Overview and Level Annotations

Branches:
Dungeon (2/15)

Altars:

Shops:
D:1 *(*


Message History

You feel yourself slow down.
The gnoll shouts!
You closely miss the rat. The rat bites you but does no damage.
A gnoll comes into view. It is wielding a +0 whip.
The gnoll shouts!
You hit the rat.
You kill the rat!
Trog accepts your kill. The gnoll hits you but does no damage.
The gnoll hits you with a +0 whip. The gnoll hits you but does no damage.
The gnoll closely misses you. You furiously retaliate!
You headbutt the gnoll! You hit the gnoll.
The gnoll is severely wounded.
You hit the gnoll. x2
A gnoll comes into view. It is wielding a +0 halberd.
The gnoll hits you but does no damage. The gnoll hits you with a +0 whip. x2
You slash the gnoll!
You kill the gnoll!
Trog accepts your kill.
You closely miss the gnoll. x2
The gnoll barely misses you. You furiously retaliate!
You headbutt the gnoll, but do no damage.
The gnoll hits you with a +0 whip. The gnoll barely misses you. x2
You slash the gnoll!
You kill the gnoll!
Trog accepts your kill.
You hit the gnoll. The gnoll closely misses you. You furiously retaliate!
You headbutt the gnoll!
You kill the gnoll!
Trog accepts your kill. The gnoll hits you with a +0 halberd.
The gnoll barely misses you.
You see here a +0 whip.
You barely miss the gnoll. You headbutt the gnoll.
The gnoll is moderately wounded.
The gnoll barely misses you.
You hit the gnoll but do no damage. Your headbutt misses the gnoll.
The gnoll is moderately wounded.
The gnoll hits you with a +0 halberd. The gnoll hits you with a +0 halberd!
You die...

#.......# ...#
#..###### .# #>.##
####. ##
##.#.########... ..
#.###.......... ##
##.#.####.....# #..##
#^#.#.# .# #.##
#...?.###...## #.#
#.....@g...... #.#
#..#.)).......
#.######....##.......
#....)>).....#.#.....
########.#.#.......##
#.....#.#####
####..#.# #...# ##.#


You could see a gnoll.

Vanquished Creatures
  Robin (D:2)
  3 gnolls (D:2)
  3 adders (D:2)
  A dart slug (D:2)
  A ball python (D:1)
  A giant cockroach (D:2)
  10 goblins
  5 hobgoblins
  2 kobolds (D:1)
  A quokka (D:1)
  4 bats
  2 rats
34 creatures vanquished.

Notes
Turn   | Place    | Note
-------+----------+-------------------------------------------
     0 | D:1      | qw the Minotaur Berserker began the quest for the Orb.
     0 | D:1      | Reached XP level 1. HP: 19/19 MP: 0/0
     0 | D:1      | 0 ||| qw: Version: 0.1-a-116-g5d60599
     0 | D:1      | 0 ||| qw: Game counter: 7589
     0 | D:1      | 0 ||| qw: Always use a shield: true
     0 | D:1      | 0 ||| qw: Do Orc after D:15 true
     0 | D:1      | 0 ||| qw: Do second Lair branch before Depths: true
     0 | D:1      | 0 ||| qw: Lair rune preference: random
     0 | D:1      | 0 ||| qw: Plans: Normal
     0 | D:1      | 0 ||| PLANNING D:1-11
    84 | D:1      | Found Coaluel's Antique Weapon Boutique.
    90 | D:1      | 90 ||| SHOPLISTING club (33 gold, have 6).
    90 | D:1      | 90 ||| SHOPLISTING mace (99 gold, have 6).
   146 | D:1      | Found Wijuv's General Store.
   156 | D:1      | 156 ||| SHOPLISTING +0 storm dragon scales (1120 gold, have
                  | 38).
   156 | D:1      | 156 ||| BUYING +0 whip (35 gold).
   156 | D:1      | Bought a +0 whip for 35 gold pieces
   156 | D:1      | 156 ||| SHOPLISTING 2 potions of curing (84 gold, have 3).
   156 | D:1      | 156 ||| SHOPLISTING amulet of the acrobat (420 gold, have
                  | 3).
   156 | D:1      | 156 ||| SHOPLISTING wand of digging (7) (411 gold, have 3).
   178 | D:1      | Reached skill level 4 in Axes
   180 | D:1      | 180 ||| DROPPING +0 whip.
   248 | D:1      | Reached XP level 2. HP: 26/26 MP: 1/1
   267 | D:1      | Found a faded altar of an unknown god.
   440 | D:1      | Found Painos's Assorted Antiques.
   443 | D:1      | 443 ||| SHOPLISTING 2 coppery potions (43 gold, have 12).
   443 | D:1      | 443 ||| SHOPLISTING dark potion (21 gold, have 12).
   443 | D:1      | 443 ||| SHOPLISTING scroll labelled BURUEDGH JIOMM (24
                  | gold, have 12).
   443 | D:1      | 443 ||| SHOPLISTING scroll labelled EGEAM AREOSCHUE (24
                  | gold, have 12).
   443 | D:1      | 443 ||| SHOPLISTING white potion (21 gold, have 12).
   708 | D:1      | 708 ||| UPGRADING to +0 ring mail.
   718 | D:1      | 718 ||| DROPPING +0 animal skin.
   719 | D:1      | 719 ||| READING scroll labelled OPPERU SOFAAXTA.
   720 | D:1      | 720 ||| READING scroll labelled EDEVEO XAFEETI.
   870 | D:1      | 870 ||| READING scroll labelled JEBERHE YDAKLU.
  1163 | D:2      | Reached skill level 5 in Axes
  1173 | D:2      | Reached XP level 3. HP: 21/31 MP: 2/2
  1355 | D:2      | 1355 ||| Stepping ~*~*~tactically~*~*~ (hiding).
  1403 | D:2      | 1403 ||| Stepping ~*~*~tactically~*~*~ (hiding).
  1406 | D:2      | 1406 ||| Stepping ~*~*~tactically~*~*~ (hiding).
  1464 | D:2      | 1464 ||| Stepping ~*~*~tactically~*~*~ (hiding).
  1467 | D:2      | Noticed Robin
  1476 | D:2      | Reached ** piety under Trog
  1480 | D:2      | 1480 ||| INVOKING Berserk.
  1483 | D:2      | Killed Robin
  1484 | D:2      | Reached skill level 6 in Axes
  1484 | D:2      | Reached XP level 4. HP: 27/39 MP: 3/3
  1502 | D:2      | HP: 6/39 [gnoll/+0 halberd (5)]
  1502 | D:2      | Slain by a gnoll

Levels and vault maps discovered:
D:1:      dpeg_arrival_fog, layout_loops_ring, serial_shops, shop_fountains,
          nicolae_shop_behind_doors, nicolae_shop_overgrown_old_shop,
          shapermc_ecumenical_altar_mp_urbaneastern, chequers_mini_garden,
          nrook_uturn, minmay_splitting_lines, chequers_serial_rivers_micro_c
D:2:      layout_loops_ring, minmay_misc_feat_five, uniq_robin

Skill      XL: |  1  2  3 |
---------------+----------+-----
Axes           | 4 5 6 |  6.4
Fighting       | |  3.6
Armour         | |  2.4
Dodging        | |  2.1

Action                   |  1- 3 |  4- 6 || total
-------------------------+-------+-------++-------
Melee: Hand axe          |    56 |    12 ||    68
       Headbutt          |     9 |     1 ||    10
Invok: Berserk           |     1 |       ||     1
  Use: Scroll            |     3 |       ||     3
Armor: Ring mail         |    16 |     5 ||    21
       Animal skin       |     1 |       ||     1
Dodge: Dodged            |    41 |     9 ||    50

Table legend:
 A = Non-vault XP
 B = Vault XP
 C = Vault XP percentage of total XP
 D = Non-vault monster count
 E = Vault monster count
 F = Vault count percentage of total count
                 A         B        C        D         E       F
            +---------+---------+-------+---------+---------+-------
      Total |     113 |      33 |  22.6 |      23 |      11 |  32.4
            +---------+---------+-------+---------+---------+-------
        D:1 |      19 |       0 |   0.0 |      11 |       0 |   0.0
        D:2 |      94 |      33 |  26.0 |      12 |      11 |  47.8
            +---------+---------+-------+---------+---------+-------
